 Dungeon Crawl Stone Soup version 0.24.0-37-gcf1ca852f1 (webtiles) character file.

Game seed: 1618438314453954058, levelgen mode: deterministic

178 Iamsoldier the Shield-Bearer (level 5, 0/34 HPs)
             Began as a Gargoyle Fighter on Dec 5, 2019.
             Slain by a white imp (5 damage)
             ... summoned by Natasha
             ... on level 3 of the Dungeon.
             The game lasted 00:02:30 (1941 turns).

Iamsoldier the Shield-Bearer (Gargoyle Fighter)     Turns: 1941, Time: 00:02:30

Health: 0/34       AC: 12    Str: 26    XL:     5   Next: 58%
Magic:  5/5        EV:  7    Int:  8    God:
Gold:   63         SH: 10    Dex:  9    Spells: 4/4 levels left

rFire    . . .     SeeInvis .   a - +0 flail
rCold    . . .     Gourm    .   c - +0 shield
rNeg     + . .     Faith    .   b - +0 scale mail
rPois    ∞         Spirit   .   h - +0 helmet
rElec    +         Reflect  .   (no cloak)
rCorr    .         Harm     .   (no gloves)
MR       .....                  (no boots)
Stlth    ..........             (no amulet)
HPRegen  0.11/turn              (no ring)
MPRegen  0.09/turn              (no ring)

@: mighty
A: negative energy resistance 1, electricity resistance, unbreathing,
petrification resistance, rot immunity, AC +4
a: no special abilities


You were on level 3 of the Dungeon.
You were not hungry.

You visited 1 branch of the dungeon, and saw 3 of its levels.

You collected 63 gold pieces.

Inventory:

Hand Weapons
 a - a +0 flail (weapon)
Armour
 b - a +0 scale mail (worn)
 c - a +0 shield (worn)
 h - a +0 helmet (worn)
Scrolls
 g - 2 scrolls of random uselessness {unknown}
 j - 3 scrolls of teleportation {unknown}
 l - 3 scrolls of identify {unknown}
 n - a scroll of noise {unknown}
 o - a scroll of blinking {unknown}
 p - a scroll of remove curse {unknown}
 q - a scroll of fog {unknown}
Potions
 e - a potion of haste {unknown}
 i - a potion of invisibility {unknown}
 k - 2 potions of curing {unknown}
 m - a potion of flight {unknown}
Comestibles
 f - 3 rations
 r - 5 chunks of flesh


   Skills:
 + Level 4.3 Fighting
 + Level 3.2 Maces & Flails
 + Level 4.3 Armour
 + Level 4.3 Shields


You had 4 spell levels left.
You didn't know any spells.
Your spell library was empty.

Dungeon Overview and Level Annotations

Branches:
Dungeon (3/15)

Altars:
Sif Muna

Annotations:
D:3 Natasha


Innate Abilities, Weirdness & Mutations

You are resistant to torment.
Your stone body is resilient. (AC +4)
You are immune to poison.
You resist negative energy. (rN+)
You are resistant to electric shocks. (rElec)
You can survive without breathing.
You are immune to petrification.
You are immune to rotting.


Message History

Natasha is lightly wounded.
Natasha casts a spell.
The crimson imp hits you but does no damage.
You closely miss Natasha.
Natasha is lightly wounded.
You block Natasha's attack.
The crimson imp hits you but does no damage.
The white imp gestures at you. The puff of frost hits you! Natasha claws you.
* * * LOW HITPOINT WARNING * * *
The crimson imp lashes its tail.
The crimson imp blinks!
Okay, then.
You aren't carrying any items that you can evoke.
Unknown command.
You feel very mighty all of a sudden. The white imp hits you.
* * * LOW HITPOINT WARNING * * *
The white imp freezes you.
You die...

. ##...#..<## ..
##.........## #.
#...........## ####
#.##............. ..#
#..........>.....
#.######...........#..
###.#5.....#............
#...÷..#####...#.##...#
#..####÷####.@h......#÷##.#.#
#......# #.5§...####.÷)...#
#.........#......# ##..##)##
.......####.....>..#
#......### ..?....
###.5........###..... .....>.
#......(........... .......
#......######..###. #..####
#......# #.# ## ..# . #.. ###


You could see Natasha, 2 crimson imps and a white imp.

Vanquished Creatures
  Natasha (twice) (D:3)
  Terence (D:2)
  4 adders (D:3)
  A worm (D:2)
  2 dart slugs
  An orc (D:3)
  3 giant cockroaches
  4 goblins (D:1)
  7 hobgoblins
  9 jackals
  A quokka (D:3)
  3 ball pythons
  5 bats
  4 frilled lizards (D:1)
  6 kobolds
  10 rats
63 creatures vanquished.

Notes
Turn   | Place    | Note
-------+----------+-------------------------------------------
     0 | D:1      | Iamsoldier the Gargoyle Fighter began the quest for the
                  | Orb.
     0 | D:1      | Reached XP level 1. HP: 14/14 MP: 1/1
   105 | D:1      | Reached XP level 2. HP: 18/19 MP: 2/2
   322 | D:1      | Reached XP level 3. HP: 10/23 MP: 3/3
   924 | D:2      | Noticed Terence
   935 | D:2      | Killed Terence
   950 | D:2      | Reached XP level 4. HP: 24/29 MP: 4/4
  1499 | D:2      | Found a shimmering blue altar of Sif Muna.
  1782 | D:3      | Reached XP level 5. HP: 33/33 MP: 5/5
  1810 | D:3      | Noticed Natasha
  1848 | D:3      | Killed Natasha
  1888 | D:3      | Noticed Natasha
  1896 | D:3      | Killed Natasha
  1927 | D:3      | Noticed Natasha
  1941 | D:3      | Slain by a white imp

Levels and vault maps discovered:
D:1:      minmay_arrival_four_houses, layout_rooms
D:2:      layout_loops_cross, overflow_temple_1_default, uniq_terence
D:3:      layout_rooms, uniq_natasha

Skill      XL: |  1  2  3  4 |
---------------+-------------+-----
Fighting       | 4 |  4.3
Shields        | 4 |  4.3
Armour         | 4 |  4.3
Maces & Flails | 3 |  3.2

Action                   |  1- 3 |  4- 6 || total
-------------------------+-------+-------++-------
Melee: Flail             |   144 |   139 ||   283
  Use: Potion            |       |     1 ||     1
  Eat: Chunk             |       |     4 ||     4
Armor: Scale mail        |    87 |    67 ||   154
Dodge: Dodged            |    56 |    51 ||   107
Block: Shield            |    97 |    87 ||   184
